 Dungeon Crawl Stone Soup version 0.31-a0-1388-g4b2ba238e7 (webtiles) character file.

Game seed: 6489859374263611857

167 MisterAzrael the Ruffian (level 5, -2/33 HPs)
             Began as an Octopode Shapeshifter on Dec 25, 2023.
             Succumbed to their own poison gas
             ... on level 3 of the Dungeon.
             The game lasted 00:03:21 (2281 turns).

MisterAzrael the Ruffian (Octopode Shapeshifter)    Turns: 2281, Time: 00:03:21

Health: -2/33      AC:  3    Str: 23    XL:     5   Next: 48%
Magic:  5/5        EV: 13    Int:  9    God:
Gold:   82         SH:  0    Dex: 19    Spells: 4/4 levels left

rFire   . .          .
                       - Unarmed
rCold   . . .        (no shield)
rNeg    . . .        (helmet currently unavailable)
rPois   .            (no amulet)
rElec   .            d - +6 ring of strength
rCorr   .            (no ring)
SInv    .            (no ring)
Will    .....        (no ring)
Stlth   +++          (no ring)
HPRegen 0.25/turn    (no ring)
MPRegen 0.09/turn    (no ring)
                     (no ring)

%: no passive effects
@: lethally poisoned (-2 -> -13), about to teleport, beast-form
A: beast (slay +1), almost no armour, amphibious, 8 rings, camouflage 1,
gelatinous body 1, (nimble swimmer 1), tentacles, iridescent scales 1, agile 2,
strong 1
a: Begin Untransformation


You were on level 3 of the Dungeon.
You were a hulking beast.
You visited 1 branch of the dungeon, and saw 3 of its levels.

You collected 82 gold pieces.

Inventory:

Magical Staves
 h - a staff of conjuration
 k - a staff of fire
Jewellery
 d - a +6 ring of strength (left tentacle)
Talismans
 b - a beast talisman
 c - a flux talisman
Scrolls
 e - a scroll of identify
 f - a scroll of enchant armour
 n - a scroll of enchant weapon {unknown}
 o - a scroll of teleportation
 p - 2 scrolls of revelation {unknown}
 r - a scroll of brand weapon {unknown}
Potions
 a - a potion of lignification
 i - 2 potions of curing {unknown}
 j - a potion of magic {unknown}
 l - a potion of heal wounds {unknown}
 m - a potion of degeneration {unknown}
 q - a potion of enlightenment {unknown}
 s - a potion of resistance {unknown}
 t - a potion of attraction {unknown}


   Skills:
 - Level 1.0 Fighting
 - Level 2.0 Dodging
 + Level 6.0 Unarmed Combat
 - Level 3.0 Shapeshifting


You had 4 spell levels left.
You didn't know any spells.
Your spell library contained the following spells:

 Spells                   Type           Power      Damage    Failure   Level
 Blink                    Tloc           0%         N/A       52%         2
 Lesser Beckoning         Tloc           0%         N/A       52%         2
 Momentum Strike          Conj/Tloc      0%         3d8       52%         2
 Ozocubu's Armour         Ice            0%         N/A       77%         3
 Metabolic Englaciation   Hex/Ice        0%         N/A       100%        5
 Simulacrum               Ice/Necr       0%         N/A       100%        6


Dungeon Overview and Level Annotations

Branches:
Dungeon (3/15)

Altars:
Dithmenos

Shops:
D:1 =   D:3 *

Annotations:
D:3 Ijyb


Innate Abilities, Weirdness & Mutations

You are a hulking beast.
Your limbs bulge with bestial killing power. (Slay +1)
You cannot wear most types of armour.
You are amphibious.
You can wear up to eight rings at the same time.
Your skin changes colour to match your surroundings (Stealth+).
Your rubbery body absorbs attacks. (AC +1, EV +1)
((You are camouflaged when in or above water. (Stealth+)))
You have tentacles for arms and can constrict up to eight enemies at once.
You are partially covered in iridescent scales. (AC +2)
You are very agile. (Dex +8, Str/Int -2)
Your muscles are strong. (Str +4, Int/Dex -1)


Message History

Ijyb is wielding a +0 club, wearing a +1 leather armour of fire resistance and carrying a wand of acid.
There are monsters nearby!
There are monsters nearby! 2 orcs come into view.
An orc priest comes into view. It is wielding a +0 short sword.
Ijyb shouts!
The orc shouts! x2; You hear a shout!
The kobold shouts!
Ijyb hits you with a +0 club.
You tentacle-slap Ijyb. You grab Ijyb.
Ijyb is lightly wounded.
You constrict Ijyb, but do no damage.
Ijyb zaps a wand.
The bolt of acid misses you.
You release your grip on Ijyb.
Ijyb attacks as she pursues you! Ijyb hits you with a +0 club.
The kobold attacks as it pursues you! The kobold hits you but does no damage.
You tentacle-slap Ijyb but do no damage.
Your grab misses Ijyb.
Ijyb is lightly wounded.
You bludgeon Ijyb! Your grab misses Ijyb.
Ijyb is heavily wounded.
Ijyb zaps a wand.
The bolt of acid hits you! The kobold misses you.
An orc comes into view. It is wielding a +0 dagger.
The orc shouts!
As you read the scroll labelled FYREFF OMOAD, it crumbles to dust.
It is a scroll of identify.
f - a scroll of enchant armour Ijyb hits you with a +0 club.
The air fills with toxic fumes!
As you read the scroll labelled RECKAF LAO, it crumbles to dust.
It was a scroll of poison.
Ijyb zaps a wand.
The bolt of acid misses you. The kobold closely misses you.
As you read the scroll labelled AFIKHL QETEOTA, it crumbles to dust.
You feel strangely unstable.
It was a scroll of teleportation.
Ijyb hits you but does no damage. The kobold closely misses you.
The orc priest invokes the aid of Beogh against you.
Beogh smites you!
* * * LOW HITPOINT WARNING * * *
You are engulfed in poison gas.
You are lethally poisoned!
* * * LOW HITPOINT WARNING * * *
You die...

## #####§########
.....§§§.....#
#####.#h####.# #
#§.K§#.#
#§#g§#.#########
#§#oo#......>..#
#§#o§#.........#
#§#§§#.........#
#o#§§#.........#
§§.§§#.........###
§§.§§#.##...§.....


You could see Ijyb, 3 orcs and a kobold.

Vanquished Creatures
  2 bombardier beetles (D:3)
  2 adders (D:2)
  2 worms
  A dart slug (D:2)
  An orc (D:3)
  5 ball pythons
  6 endoplasms
  6 giant cockroaches
  3 hobgoblins
  8 jackals
  3 quokkas
  9 bats
  6 frilled lizards
  4 goblins
  3 kobolds
  8 rats
69 creatures vanquished.

Notes
Turn   | Place    | Note
-------+----------+-------------------------------------------
     0 | D:1      | MisterAzrael the Octopode Shapeshifter began the quest for
                  | the Orb.
     0 | D:1      | Reached XP level 1. HP: 13/13 MP: 1/1
     6 | D:1      | Found Ycibb's Jewellery Boutique.
    84 | D:1      | Reached XP level 2. HP: 18/18 MP: 2/2
   346 | D:1      | Reached skill level 4 in Unarmed Combat
   356 | D:1      | Reached XP level 3. HP: 10/23 MP: 3/3
   610 | D:1      | Gained mutation: You have hidden genetic potential. [potion
                  | of mutation]
   610 | D:1      | Gained mutation: Your muscles are strong. (Str +4, Int/Dex
                  | -1) [potion of mutation]
   610 | D:1      | Gained mutation: You are agile. (Dex +4, Str/Int -1)
                  | [potion of mutation]
  1220 | D:2      | Found a faded altar of an unknown god.
  1222 | D:2      | Reached XP level 4. HP: 25/28 MP: 4/4
  1231 | D:2      | Gained mutation: You are very agile. (Dex +8, Str/Int -2)
                  | [hidden potential]
  1376 | D:2      | Reached skill level 5 in Unarmed Combat
  1531 | D:3      | Reached XP level 5. HP: 24/33 MP: 5/5
  1909 | D:3      | Gained mutation: You are partially covered in iridescent
                  | scales. (AC +2) [hidden potential]
  1909 | D:3      | Lost mutation: You have hidden genetic potential. [hidden
                  | potential expressed]
  2047 | D:3      | Found a shadowy altar of Dithmenos.
  2230 | D:3      | Found Cuatiop's General Store.
  2240 | D:3      | Reached skill level 6 in Unarmed Combat
  2268 | D:3      | Noticed Ijyb
  2281 | D:3      | HP: 1/33 [cloud of poison gas (5)]
  2281 | D:3      | Succumbed to their own poison gas

Illustrated notes

Levels and vault maps discovered:
D:1:      sevenhm_arrival_forest_fort_small_4, layout_rooms, serial_shops, shop
D:2:      layout_loops_ring, nicolae_ecumenical_snake_handling,
          minmay_quadrilaterals
D:3:      layout_basic, mainiacjoe_overflow_six_doors_small, serial_shops,
          nicolae_shop_getting_attention, uniq_ijyb

Skill      XL: |  1  2  3  4  5 |
---------------+----------------+-----
Unarmed Combat | 4 5 6 |  6.0
Fighting       | |  1.0
Dodging        | |  2.0
Shapeshifting  | |  3.0

Action                     |  1- 3 |  4- 6 || total
---------------------------+-------+-------++-------
  Melee: Unarmed           |    90 |    48 ||   138
         Tentacles         |    11 |     6 ||    17
         Constrict         |    23 |    11 ||    34
         Punch             |     4 |     1 ||     5
    Use: Potion            |     1 |       ||     1
         Scroll            |       |     3 ||     3
   Stab: Sleeping          |     5 |     4 ||     9
 Armour: Skin              |    35 |    21 ||    56
  Dodge: Dodged            |    51 |    24 ||    75

Table legend: (Time is in decaauts)
 A = Elapsed time spent in this place.
 B = Non-inter-level travel time spent in this place.
 C = Inter-level travel time spent in this place.
 D = Time resting spent in this place.
 E = Time spent auto-exploring this place.
 F = Levels seen in this place.
 G = Mean time per level.
                   A        B        C        D        E       F      G
               +--------+--------+--------+--------+--------+-----+--------+
         Total |   2267 |   2256 |     11 |    203 |   1619 |   3 |  755.7 |
       Dungeon |   2267 |   2256 |     11 |    203 |   1619 |   3 |  755.7 |
               +--------+--------+--------+--------+--------+-----+--------+

Top non-repeatable levels by time:
     D:2: 872 daAuts
     D:3: 775 daAuts
     D:1: 620 daAuts
